 Dungeon Crawl Stone Soup version 0.22.0-6-g71bd7aa (webtiles) character file.

310 HaroldButt the Cutter (level 6, 0/45 HPs)
             Began as a Vine Stalker Assassin on Aug 14, 2018.
             Slain by Duvessa
             ... wielding a +0 short sword
              (7 damage)
             ... on level 4 of the Dungeon.
             The game lasted 00:07:02 (2341 turns).

HaroldButt the Cutter (Vine Stalker Assassin)       Turns: 2341, Time: 00:07:02

Health: 0/45       AC: 23    Str: 15    XL:     6   Next: 41%
Magic:  0/7        EV:  2    Int: 11    God:
Gold:   124        SH:  0    Dex: 16    Spells: 5/5 levels left

rFire    . . .     SeeInvis .   a - +2 dagger
rCold    + . .     Gourm    .   (no shield)
rNeg     + + +     Faith    .   (armour currently unavailable)
rPois    +         Spirit   +   (helmet currently unavailable)
rElec    .         Reflect  .   (cloak currently unavailable)
rCorr    .         Harm     .   (gloves currently unavailable)
MR       .....     NoTele   +   (boots currently unavailable)
Stlth    +++.......             (no amulet)
HPRegen  0.55/turn              (no ring)
MPRegen  0.10/turn              u - ring of protection from cold

@: tree-form, hasted (expiring), very quick
A: regeneration 1, magic shield, no potion heal 3, rot immunity
a: no special abilities


You were on level 4 of the Dungeon.
You were not hungry.
You were a tree.
You visited 1 branch of the dungeon, and saw 4 of its levels.

You collected 124 gold pieces.


Innate Abilities, Weirdness & Mutations

((You have extremely sharp teeth.))
Your natural rate of healing is unusually fast.
When hurt, damage is shared between your health and your magic reserves.
((Your bite disrupts and absorbs the magic of your enemies.))
Potions cannot restore your health.
You are immune to rotting.


   Skills:
 + Level 1.7 Fighting
 - Level 6.0 Short Blades
 - Level 1.7 Throwing
 - Level 0.7 Dodging
 - Level 4.8 Stealth


You had 5 spell levels left.
You didn't know any spells.
Your spell library was empty.

Inventory:

Hand Weapons
 a - a +2 dagger (weapon)
 b - a +0 blowgun
 k - a +0 short sword
Missiles
 e - 33 poisoned needles
 f - 2 curare-tipped needles {=f}
Armour
 c - a +0 robe
 d - a +0 cloak (melded)
 l - a +1 robe of cold resistance
 o - a +0 scale mail (melded)
 q - a +1 pair of gloves (melded)
Jewellery
 u - a ring of protection from cold (right branch)
Scrolls
 i - 2 scrolls of enchant armour {unknown}
 n - 2 scrolls of identify {unknown}
 r - 2 scrolls of magic mapping {unknown}
 s - a scroll of blinking {unknown}
 w - a scroll of remove curse {unknown}
 x - a scroll of enchant weapon {unknown}
 y - 2 scrolls of teleportation {unknown}
Potions
 h - 2 potions of lignification {!q}
 j - 4 potions of brilliance {unknown}
 m - 2 potions of heal wounds {unknown}
 p - a potion of curing {@q1}
 t - a potion of cancellation {unknown}
 v - a potion of agility {unknown}
Comestibles
 g - 8 rations

Dungeon Overview and Level Annotations

Branches:
Dungeon (4/15)
 Temple: D:4-7

Altars:
Fedhas

Annotations:
D:4 Duvessa

▒▒ ▒▒ ..▒ ▒.▒
▒▒▒ ..▒ ▒..▒
▒▒▒.▒▒.▒
▒▒...▒▒▒......▒
..........÷..▒▒
▒.▒.....▒▒e▒▒ ▒
▒....▒▒▒.▒▒▒▒
▒.▒..e▒▒ ▒.▒▒♣▒
▒....▒▒ ▒..)e▒
▒▒.▒.▒ ▒▒▒▒▒▒
...▒.▒ ...▒ ▒e▒
... ... ▒. ▒..
▒ ▒.▒▒ ...


You could see Duvessa (berserk).


Message History

You hit Duvessa.
Duvessa is almost dead.
You completely miss Duvessa.
Duvessa is almost dead.
Duvessa hits you with a short sword!
* * * LOW HITPOINT WARNING * * *
You hit Duvessa but do no damage.
Duvessa is almost dead.
Duvessa hits you but does no damage.
You hit Duvessa.
Duvessa is almost dead.
You barely miss Duvessa.
Duvessa is almost dead.
Duvessa hits you but does no damage.
You hit Duvessa but do no damage.
Duvessa is almost dead.
Duvessa hits you but does no damage.
You barely miss Duvessa.
Duvessa is almost dead.
Duvessa hits you but does no damage.
You hit Duvessa.
Duvessa is almost dead.
You closely miss Duvessa.
Duvessa is almost dead.
Your extra speed is starting to run out.
Duvessa hits you but does no damage.
You hit Duvessa but do no damage.
Duvessa is almost dead.
Duvessa hits you with a short sword!
You die...

Action                   |  1- 3 |  4- 6 || total
-------------------------+-------+-------++-------
Melee: Dagger            |   113 |   211 ||   324
       Bite              |    20 |    55 ||    75
 Fire: Blowgun           |       |     3 ||     3
  Use: Potion            |       |     2 ||     2
 Stab: Sleeping          |     8 |     2 ||    10
       Distracted        |     1 |       ||     1
  Eat: Chunk             |       |     5 ||     5
Armor: Robe              |    24 |       ||    24
       Scale mail        |    14 |    74 ||    88
       Skin              |       |    11 ||    11
Dodge: Dodged            |    54 |    68 ||   122

Vault maps used:
D:1:      onia_arrival_mini_maze
D:2:      st_stairs_8
D:3:      first_ration, minmay_splitting_lines, fedhas_altar_3
D:4:      minmay_temple_entry_fiery, serial_shops, nicolae_shop_statue_plus,
          uniq_duvessa

Notes
Turn   | Place    | Note
-------+----------+-------------------------------------------
     0 | D:1      | HaroldButt the Vine Stalker Assassin began the quest for the Orb.
     0 | D:1      | Reached XP level 1. HP: 11/11 MP: 2/2
    14 | D:1      | Reached skill level 2 in Short Blades
    59 | D:1      | Reached XP level 2. HP: 15/15 MP: 3/3
   305 | D:1      | Reached skill level 3 in Short Blades
   372 | D:1      | Reached XP level 3. HP: 11/18 MP: 4/4
  1119 | D:2      | Gained mutation: Your natural rate of healing is unusually fast. [Vine Stalker growth]
  1119 | D:2      | Reached XP level 4. HP: 22/23 MP: 5/5
  1132 | D:2      | Reached skill level 4 in Short Blades
  1218 | D:2      | Noticed an ogre
  1242 | D:2      | Killed an ogre
  1242 | D:2      | Reached skill level 5 in Short Blades
  1242 | D:2      | Reached XP level 5. HP: 26/26 MP: 6/6
  1584 | D:3      | Found a blossoming altar of Fedhas.
  1704 | D:3      | Reached XP level 6. HP: 30/30 MP: 7/7
  2267 | D:4      | Noticed Duvessa
  2267 | D:4      | Noticed Dowan
  2314 | D:4      | Killed Dowan
  2314 | D:4      | Reached skill level 6 in Short Blades
  2341 | D:4      | Slain by Duvessa

Vanquished Creatures
  An ogre (D:2)
  Dowan (D:4)
  A gnoll (D:1)
  7 adders
  An ooze (D:2)
  A worm (D:3)
  3 dart slugs
  6 leopard geckos
  An orc (D:3)
  11 bats
  A giant cockroach (D:1)
  10 goblins
  10 hobgoblins
  5 jackals
  9 kobolds
  2 quokkas
  A ball python (D:3)
  8 frilled lizards
  A jackal skeleton (D:4)
  11 rats
91 creatures vanquished.
